 Dungeon Crawl Stone Soup version 0.18.1-6-gd335043 (webtiles) character file.

139 FitzyFitz the Slasher (level 4, -4/36 HPs)
             Began as a Demigod Warper on May 16, 2016.
             Slain by a killer bee (6 damage)
             ... on level 4 of the Dungeon.
             The game lasted 00:12:09 (4225 turns).

FitzyFitz the Slasher (Demigod Warper)              Turns: 4225, Time: 00:12:10

Health: -4/36      AC:  3    Str: 14    XL:     4   Next: 70%
Magic:  2/9        EV: 12    Int: 19    God:
Gold:   115        SH:  0    Dex: 15    Spells: 3 memorised, 2 levels left

rFire  . . .     SeeInvis .     a - +0 falchion
rCold  . . .     Gourm    .     G - +0 leather armour
rNeg   . . .     Faith    .     (no shield)
rPois  .         Spirit   .     (no helmet)
rElec  .         Dismiss  .     (no cloak)
rCorr  .         Reflect  .     (no gloves)
SustAt +         Harm     .     (no boots)
MR     .....                    (no amulet)
Stlth  +.........               (no ring)
                                (no ring)

@: lethally poisoned (-4 -> -9), very slightly contaminated, not resistant to
hostile enchantments, very unstealthy
A: high mp 1, sustain attributes
a: no special abilities


You were on level 4 of the Dungeon.
You were hungry.

You visited 1 branch of the dungeon, and saw 4 of its levels.

You collected 115 gold pieces.

Inventory:

Hand Weapons
 a - a +0 falchion (weapon)
 b - a +0 shortbow
 o - a +2 short sword of flaming
 q - a +0 spear
 A - a +0 war axe
 D - a +0 hunting sling
 E - a +2 mace of draining
Missiles
 e - 2 tomahawks of dispersal (quivered)
 h - 53 arrows
 j - 141 stones
 r - 2 silver javelins
 B - 13 sling bullets
Armour
 G - a +0 leather armour (worn)
Scrolls
 d - a scroll of blinking
 g - a scroll of noise {unknown}
 i - 2 scrolls of identify {unknown}
 k - 2 scrolls of recharging {unknown}
 m - 2 scrolls of magic mapping {unknown}
 s - 2 scrolls of teleportation {unknown}
 u - a scroll of enchant weapon {unknown}
 w - 2 scrolls of remove curse {unknown}
 y - a scroll of amnesia {unknown}
 C - a scroll of fog {unknown}
Potions
 l - 2 potions of heal wounds {unknown}
 n - a potion of berserk rage {unknown}
 z - a potion of brilliance {unknown}
 F - a potion of cure mutation {unknown}
Books
 c - a book of Spatial Translocations

   Spells                             Type                      Level
   a - Apportation                    Translocation                1
   b - Blink                          Translocation                2
   c - Shroud of Golubria             Charms/Translocation         2
   d - Portal Projectile              Translocation                3
   e - Teleport Other                 Translocation                3
   f - Passage of Golubria            Translocation                4
Comestibles
 f - 3 bread rations
 p - 2 meat rations
 t - 2 beef jerkies
 v - 2 slices of pizza


   Skills:
 - Level 1.7 Fighting
 + Level 4.3 Long Blades
 + Level 1.2 Bows
 - Level 0.8 Throwing
 - Level 0.8 Armour
 - Level 1.7 Dodging
 - Level 2.0 Spellcasting
 - Level 2.6 Translocations


You had 2 spell levels left.
You knew the following spells:

 Your Spells              Type           Power        Failure   Level  Hunger
a - Apportation           Tloc           ##........   10%         1    #......
b - Blink                 Tloc           N/A          12%         2    ###....
c - Shroud of Golubria    Chrm/Tloc      #.........   21%         2    ###....


Dungeon Overview and Level Annotations

Branches:
Dungeon (4/15)
 Temple: D:4-7


Innate Abilities, Weirdness & Mutations

You have an increased reservoir of magic (+10% MP).
Your attributes are resistant to harm.


Message History

You are lethally poisoned!
The killer bee poisons you!
Your shroud falls apart!
A killer bee comes into view.
You closely miss the killer bee.
* * * LOW HITPOINT WARNING * * *
You feel sick. The killer bee closely misses you. The killer bee misses you.
The killer bee closely misses you.
The killer bee barely misses you. 2 killer bees come into view.
The killer bee buzzes angrily. x4
You hit the killer bee.
The killer bee is moderately wounded.
* * * LOW HITPOINT WARNING * * *
You feel sick. The killer bee barely misses you.
The killer bee closely misses you. x2; The killer bee barely misses you.
You closely miss the killer bee.
The killer bee is moderately wounded.
* * * LOW HITPOINT WARNING * * *
You feel sick. The killer bee barely misses you. The killer bee stings you.
You die...

........ ......# ......#
......# ......+ ......# #
####'## ##...
###'#######...#####
#..............@y.#
##....######....#y##
................#y#######
##....######...y#........
#....# #....#.##
#....######...y#y#
#..............#.####
##.....####.....#....###...
.#.....# #..........$..#


You could see 6 killer bees.

Vanquished Creatures
  A hound (D:4)
  A worker ant (D:4)
  An ooze (D:3)
  2 worms (D:2)
  2 dart slugs
  3 giant geckos (D:1)
  3 orcs
  6 bats
  6 giant cockroaches
  8 goblins
  9 hobgoblins
  2 jackals (D:1)
  A quokka (D:2)
  2 giant newts (D:1)
  8 kobolds
  9 rats
64 creatures vanquished.

Vanquished Creatures (others)
  A kobold (D:2)
  A rat (D:2)
2 creatures vanquished.

Grand Total: 66 creatures vanquished

Notes
Turn   | Place    | Note
--------------------------------------------------------------
     0 | D:1      | FitzyFitz the Demigod Warper began the quest for the Orb.
     0 | D:1      | Reached XP level 1. HP: 17/17 MP: 5/5
   186 | D:1      | Reached skill level 2 in Long Blades
   580 | D:1      | Reached XP level 2. HP: 17/24 MP: 7/7
   734 | D:1      | Learned a level 2 spell: Blink
  1078 | D:1      | Reached skill level 3 in Long Blades
  1738 | D:1      | Reached XP level 3. HP: 19/29 MP: 8/8
  1903 | D:2      | Learned a level 2 spell: Shroud of Golubria
  2739 | D:2      | Found a radiant altar of Vehumet.
  3464 | D:3      | Reached XP level 4. HP: 33/36 MP: 9/9
  3671 | D:3      | Reached skill level 4 in Long Blades
  4095 | D:4      | Reached skill level 1 in Bows
  4225 | D:4      | Slain by a killer bee

Skill      XL: |  1  2  3  4 |
---------------+-------------+-----
Long Blades    | 2 3 4 |  4.3
Spellcasting   | 2 |  2.0
Bows           | 1 |  1.2
Fighting       | |  1.7
Throwing       | |  0.8
Armour         | |  0.8
Dodging        | |  1.7
Translocations | |  2.6

Action                   |  1- 3 |  4- 6 || total
-------------------------+-------+-------++-------
Melee: Falchion          |   214 |    48 ||   262
 Fire: Shortbow          |       |     1 ||     1
Throw: Tomahawk          |     2 |     1 ||     3
       Javelin           |     2 |       ||     2
 Cast: Shroud of Golubri |       |     2 ||     2
       Blink             |       |     1 ||     1
 Stab: Sleeping          |     1 |       ||     1
  Eat: Chunk             |     8 |     2 ||    10
Armor: Leather armour    |    57 |    11 ||    68
Dodge: Dodged            |   152 |    46 ||   198
